 Dungeon Crawl Stone Soup version 0.29-a0-330-g52719c12eb (webtiles) character file.

Game seed: 15918773799171126132

41 Ajdolov the Sneak (level 3, -3/15 HPs)
             Began as a Felid Transmuter on May 5, 2022.
             Slain by an adder (4 damage)
             ... on level 2 of the Dungeon.
             The game lasted 00:02:39 (1161 turns).

Ajdolov the Sneak (Felid Transmuter)                Turns: 1161, Time: 00:02:40

Health: -3/15      AC:  1    Str:  6    XL:     3   Next: 32%
Magic:  6/7        EV: 17    Int: 16    God:
Gold:   86         SH:  0    Dex: 16    Spells: 5/6 levels left
                                        Lives:  0   Deaths: 0

rFire   . . .      SeeInvis +     - Unarmed
rCold   . . .      Faith    .   (shield unavailable)
rNeg    . . .      Spirit   .   (body armour unavailable)
rPois   .          Reflect  .   (helmet unavailable)
rElec   .          Harm     .   (cloak unavailable)
rCorr   .          Rampage  .   (gloves unavailable)
Will    .....                   (boots unavailable)
Stlth   +++.......              (no amulet)
HPRegen 0.05/turn               (no ring)
MPRegen 0.10/turn               (no ring)

@: lethally poisoned (-3 -> -11), appendages, quick
A: horns 2, very small, claws 1, fangs 3, see invisible, speed 1, shaggy fur 1,
stealthy paws, no weapons or thrown items, no armour, multi-lived
a: End Transformation


You were on level 2 of the Dungeon.
You had temporarily grown beastly horns.
You visited 1 branch of the dungeon, and saw 2 of its levels.

You collected 86 gold pieces.

Inventory:

Scrolls
 d - a scroll of identify {unknown}
 g - a scroll of teleportation {unknown}
Potions
 a - a potion of lignification
 b - a potion of magic {unknown}
 c - a potion of degeneration {unknown}
 e - a potion of curing {unknown}
 f - a potion of brilliance {unknown}
 h - a potion of haste {unknown}


   Skills:
 - Level 1.0 Fighting
 - Level 2.6 Dodging
 - Level 4.0 Stealth
 * Level 3.3 Unarmed Combat
 - Level 2.0 Spellcasting
 + Level 2.2 Transmutations


You had 5 spell levels left.
You knew the following spells:

 Your Spells              Type           Power      Damage    Failure   Level
a - Beastly Appendage     Tmut           16%        N/A       9%          1

Your spell library contained the following spells:

 Spells                   Type           Power      Damage    Failure   Level
 Wereblood                Tmut           8%         N/A       12%         2
 Spider Form              Tmut/Pois      5%         N/A       36%         3
 Call Canine Familiar     Summ           1%         N/A       52%         3
 Ice Form                 Ice/Tmut       5%         N/A       78%         4
 Leda's Liquefaction      Hex/Erth       0%         N/A       90%         4
 Portal Projectile        Hex/Tloc       Unusable   N/A       N/A         3

Dungeon Overview and Level Annotations

Branches:
Dungeon (2/15)

Altars:


Innate Abilities, Weirdness & Mutations

You have temporarily grown beastly horns.
You have sharp claws.
You have razor-sharp teeth.
You have supernaturally acute eyesight. (SInv)
You cover ground quickly. (Speed+)
You are covered in fur. (AC +1)
Your paws help you pounce on unaware monsters.
You are incapable of wielding weapons or throwing items.
You cannot wear armour.
You gain extra lives every three experience levels.


Message History

Training target 4.0 for Stealth reached!
Your Stealth skill increases to level 4!
You need to enable at least one skill for training.
Magic restored.
An adder comes into view.
Your transformation is almost over.
There is an open door here.
You start resting.
Your horns disappear.
HP restored.
There is an open door here.
You grow a pair of large bovine horns.
The adder hisses angrily.
You miss the adder. The adder misses you.
You barely miss the adder. The adder closely misses you.
You scratch the adder.
The adder is lightly wounded.
The adder misses you. The adder bites you.
You closely miss the adder.
The adder is lightly wounded.
The adder closely misses you.
You scratch the adder but do no damage.
The adder is lightly wounded.
The adder bites you.
You are poisoned.
The adder poisons you!
You barely miss the adder. Your headbutt misses the adder.
The adder is lightly wounded.
You feel sick. The adder bites you.
You scratch the adder.
The adder is heavily wounded.
You feel sick. The adder bites you but does no damage. The adder bites you.
* * * LOW HITPOINT WARNING * * *
You are more poisoned.
The adder poisons you!
You scratch the adder but do no damage. Your bite misses the adder.
The adder is heavily wounded.
* * * LOW HITPOINT WARNING * * *
You feel sick. The adder bites you.
You die...

+...+ ....... #.. #...#
##....... #...
#...##.+.......
...##.....+...+.. .......
#..#......#...#.##......ā‰ˆ
........##...#..+......ā‰ˆ
#...........#'##.......
#.............@Sā€ ...#
#.........#...........ā‰ˆ
.##.........#.......#....
............#......## ...
###.........#......# .
+.........###....#
#.........# #....#
+.........+ +.....
#.........#


You could see an adder.

Vanquished Creatures
  An adder (D:2)
  3 dart slugs (D:1)
  2 bats (D:1)
  An endoplasm (D:1)
  A giant cockroach (D:1)
  4 goblins (D:1)
  2 hobgoblins (D:1)
  5 kobolds (D:1)
  A ball python (D:1)
  A frilled lizard (D:1)
  4 rats
25 creatures vanquished.

Notes
Turn   | Place    | Note
-------+----------+-------------------------------------------
     0 | D:1      | Ajdolov the Felid Transmuter began the quest for the Orb.
     0 | D:1      | Reached XP level 1. HP: 9/9 MP: 4/4
    40 | D:1      | Reached skill level 1 in Stealth
    65 | D:1      | Reached skill level 2 in Stealth
   161 | D:1      | Reached XP level 2. HP: 12/12 MP: 4/6
   364 | D:1      | Reached skill level 3 in Stealth
   914 | D:1      | Reached XP level 3. HP: 13/15 MP: 5/7
  1111 | D:2      | Reached skill level 4 in Stealth
  1161 | D:2      | Slain by an adder

Illustrated notes

Levels and vault maps discovered:
D:1:      ncdulo_smallfort, layout_basic, item_on_display_a
D:2:      layout_basic, dreamdust_ecumenical_altar_drowned_temple,
          minmay_tiny_reverse_x

Skill      XL: |  1  2  3 |
---------------+----------+-----
Stealth        | 2 3 4 |  4.0
Fighting       | |  1.0
Dodging        | |  2.6
Unarmed Combat | |  3.3
Spellcasting   | |  2.0
Transmutations | |  2.2

Action                   || total
-------------------------++-------
Melee: Unarmed           ||    61
       Headbutt          ||     7
       Bite              ||     4
       Punch             ||     1
 Cast: Beastly Appendage ||    15
 Stab: Sleeping          ||     3
Armor: Skin              ||     5
Dodge: Dodged            ||    39

Table legend: (Time is in decaauts)
 A = Elapsed time spent in this place.
 B = Non-inter-level travel time spent in this place.
 C = Inter-level travel time spent in this place.
 D = Time resting spent in this place.
 E = Time spent auto-exploring this place.
 F = Levels seen in this place.
 G = Mean time per level.
                   A        B        C        D        E       F      G
               +--------+--------+--------+--------+--------+-----+--------+
         Total |   1051 |   1041 |     10 |    300 |    552 |   2 |  525.5 |
       Dungeon |   1051 |   1041 |     10 |    300 |    552 |   2 |  525.5 |
               +--------+--------+--------+--------+--------+-----+--------+

Top non-repeatable levels by time:
     D:1: 955 daAuts
     D:2: 95 daAuts
